 Dungeon Crawl Stone Soup version 0.24.0-1-gfbc8707 (webtiles) character file.

Game seed: 6886024270350590811, levelgen mode: deterministic

1801 Bazzalis the Caller (level 9, -2/70 (71) HPs)
             Began as a Ghoul Summoner on Nov 4, 2019.
             Was a Priest of Okawaru.
             Slain by a troll (9 damage)
             ... on level 8 of the Dungeon.
             The game lasted 00:58:33 (10912 turns).

Bazzalis the Caller (Ghoul Summoner)               Turns: 10912, Time: 00:58:34

HP:   -2/70 (71)    AC: 25    Str: 15    XL:     9   Next: 9%
MP:   1/13          EV: 12    Int: 10    God:    Okawaru [***...]
Gold: 178           SH:  0    Dex:  9    Spells: 12/15 levels left

rFire    . . .     SeeInvis .   b - +2 trident (protect)
rCold    + . .     Gourm    .   (no shield)
rNeg     + + +     Faith    .   g - +0 scale mail
rPois    ∞         Spirit   .   o - +2 helmet
rElec    .         Reflect  .   B - +2 cloak
rCorr    .         Harm     .   F - +1 pair of gloves
MR       .....                  h - +0 pair of boots
Stlth    +++.......             (no amulet)
HPRegen  0.00/turn              (no ring)
MPRegen  0.13/turn              (no ring)

@: heroism, protection aura, very slightly contaminated, rotting
A: rotting body, claws 1, carnivore, cold resistance 1, negative energy
resistance 3, inhibited regeneration, torment resistance, unbreathing
a: Heroism, Renounce Religion


You were on level 8 of the Dungeon.
You worshipped Okawaru.
Okawaru was most pleased with you.
You were very hungry.

You visited 1 branch of the dungeon, and saw 8 of its levels.

You collected 308 gold pieces.
You spent 130 gold pieces at shops.

Inventory:

Hand Weapons
 a - a +0 dagger of pain
   (You took it off a goblin on level 1 of the Dungeon)
 b - a +2 trident of protection (weapon)
   (You bought it in a shop on level 5 of the Dungeon)
 s - a +0 hunting sling
   (You found it on level 2 of the Dungeon)
 H - a +1 dire flail of crushing
   (You took it off Edmund on level 5 of the Dungeon)
 I - a +2 short sword of freezing
   (You found it on level 1 of the Dungeon)
 J - the +7 sceptre of Torment {pain, torment}
   (You found it on level 5 of the Dungeon)

   In the hands of one skilled in necromantic magic, it inflicts extra damage on
   living creatures.
Missiles
 r - 27 sling bullets
 v - 215 stones
 x - 8 poisoned darts (quivered)
 O - a throwing net {!f}
Armour
 g - a +0 scale mail (worn)
   (You found it on level 1 of the Dungeon)
 h - a +0 pair of boots (worn)
   (You found it on level 1 of the Dungeon)
 o - a +2 helmet (worn)
   (You found it on level 2 of the Dungeon)
 B - a +2 cloak (worn)
   (You took it off Crazy Yiuf on level 4 of the Dungeon)
 D - the +1 chain mail "Ufurexan" {*Contam Str+6 Int-4 Slay+2}
   (You found it on level 5 of the Dungeon)

   It affects your strength (+6).
   It affects your intelligence (-4).
   It affects your accuracy and damage with ranged weapons and melee attacks
   (+2).
   It causes magical contamination when unequipped.
 F - a +1 pair of gloves (worn)
   (You found it on level 5 of the Dungeon)
 G - a +0 robe
Wands
 c - a wand of disintegration (11)
   (You found it on level 3 of the Dungeon)
 d - a wand of iceblast (14)
   (You took it off Edmund on level 5 of the Dungeon)
 u - a wand of paralysis (19)
   (You took it off Ijyb on level 4 of the Dungeon)
Scrolls
 f - a scroll of magic mapping {unknown}
 m - a scroll of immolation {unknown}
 n - a scroll of enchant weapon
 p - 5 scrolls of teleportation {@r4}
 q - a scroll of amnesia {unknown}
 C - a scroll of fog {unknown}
 E - a scroll of blinking {unknown}
 L - 4 scrolls of enchant armour
 N - a scroll of fear {unknown}
 Q - a scroll of identify {@r1}
Potions
 j - a potion of brilliance
 k - 3 potions of might
 t - a potion of ambrosia
 w - 2 potions of magic
 z - a potion of cancellation
 A - a potion of agility {unknown}
 K - a potion of haste {@q3}
 M - a potion of curing {@q1}
Comestibles
 e - 15 rations {!d}


   Skills:
 + Level 3.9(8.9) Fighting
 + Level 3.4(8.4) Short Blades
 + Level 3.1(8.1) Polearms
 + Level 2.2(7.2) Armour
 - Level 1.7(6.7) Dodging
 + Level 5.1(10.1) Stealth
 + Level 3.8 Spellcasting
 * Level 6.6 Summonings
 + Level 2.8 Invocations


You had 12 spell levels left.
You knew the following spells:

 Your Spells              Type           Power        Failure   Level  Hunger
a - Summon Small Mammal   Summ           ###.         6%          1    #......
b - Call Imp              Summ           ###.....     9%          2    ###....

Your spell library contained the following spells:

 Spells                   Type           Power        Failure   Level  Hunger
 Call Canine Familiar     Summ           ###.....     17%         3    ###....
 Summon Guardian Golem    Hex/Summ       #.......     54%         3    ###....
 Sticks to Snakes         Tmut           #.......     78%         2    ###....
 Summon Ice Beast         Ice/Summ       #.......     91%         4    #####..
 Summon Lightning Spire   Summ/Air       #.......     91%         4    #####..
 Beastly Appendage        Tmut           Unusable     N/A         1    N/A
 Spider Form              Tmut/Pois      Unusable     N/A         3    N/A
 Ice Form                 Ice/Tmut       Unusable     N/A         4    N/A
 Blade Hands              Tmut           Unusable     N/A         5    N/A

Dungeon Overview and Level Annotations

Branches:
Dungeon (8/15)             Temple (0/1) D:6
   Lair: D:8-11

Altars:
Ashenzari
Cheibriados
Kikubaaqudgha
Makhleb
Okawaru
Ru
Sif Muna
Wu Jian
The Shining One

Shops:
D:5 (*


Innate Abilities, Weirdness & Mutations

Your body is rotting away.
You thrive on raw meat.
You are immune to poison.
You have sharp fingernails.
You are carnivorous and can eat meat at any time.
Your flesh is cold resistant. (rC+)
You are immune to negative energy. (rN+++)
You do not regenerate when monsters are visible.
You are immune to unholy pain and torment.
You can survive without breathing.


Message History

You are feeling very hungry.
Aim: a troll (moderately wounded, chance to defeat MR: 65%)
The hippogriff is blasted!
Aim: a troll (moderately wounded, chance to defeat MR: 65%)
The hippogriff resists with significant effort.
Aim: a troll (moderately wounded, chance to defeat MR: 65%)
The hippogriff is blasted!
You hit the hippogriff.
Your weapon exudes an aura of protection.
The hippogriff closely misses you.
The hippogriff pecks you but does no damage.
The hippogriff claws you but does no damage.
You hit the hippogriff.
The hippogriff bites you but does no damage.
The hippogriff pecks you but does no damage.
The hippogriff claws you but does no damage.
Your scale mail prevents you from hitting the hippogriff.
The hippogriff bites you but does no damage.
The hippogriff pecks you but does no damage.
The hippogriff claws you but does no damage.
The hippogriff bites you.
* * * LOW HITPOINT WARNING * * *
The hippogriff barely misses you. x2
Your scale mail prevents you from hitting the hippogriff.
The hippogriff bites you but does no damage.
The hippogriff barely misses you. The hippogriff claws you.
* * * LOW HITPOINT WARNING * * *
You gain the combat prowess of a mighty hero.
The hippogriff bites you.
* * * LOW HITPOINT WARNING * * *
The hippogriff pecks you but does no damage.
The hippogriff claws you.
* * * LOW HITPOINT WARNING * * *
You hit the hippogriff. The hippogriff bites you.
* * * LOW HITPOINT WARNING * * *
The hippogriff barely misses you. The hippogriff misses you.
You barely miss the hippogriff. The hippogriff barely misses you. x2
The hippogriff closely misses you.
You puncture the hippogriff!
You kill the hippogriff!
Okawaru accepts your kill.
Your base Stealth skill increases to level 5!
You have reached level 9!
Your experience leads to an increase in your attributes!
Increase (S)trength, (I)ntelligence, or (D)exterity?
You feel stronger.
You puncture the troll! The troll bites you!
* * * LOW HITPOINT WARNING * * *
The troll claws you!
You die...

#.#...#
#.#...#
#.#...#
#.#...#
#.#...#
#.#...#
#.#...#
#T#...#
#@#...#
#.#...#
#....##
######


You could see a troll.

Vanquished Creatures
  A hippogriff (D:8)
  A wyvern (D:8)
  An orc warrior (D:6)
  An ogre (D:7)
  A bullfrog (D:6)
  2 scorpions
  A howler monkey (D:5)
  A vampire bat (D:5)
  A crimson imp (D:7)
  A centaur zombie (D:6)
  4 hounds
  Crazy Yiuf (D:4)
  2 orc priests
  2 orc wizards
  Ijyb (D:4)
  4 worker ants
  2 worker ant zombies (D:6)
  2 gnolls
  11 adders
  A white imp (D:4)
  An adder skeleton (D:5)
  2 worms
  4 leopard geckos
  8 orcs
  2 bat skeletons (D:5)
  3 bat zombies (D:5)
  3 giant cockroaches
  11 goblins
  6 hobgoblins
  7 jackals
  2 quokkas (D:3)
  A ball python (D:2)
  A ball python skeleton (D:5)
  7 bats
  7 frilled lizards
  A goblin zombie (D:4)
  4 hobgoblin zombies (D:4)
  7 kobolds
  A leopard gecko skeleton (D:3)
  An orc skeleton (D:4)
  3 quokka skeletons
  11 rats
134 creatures vanquished.

Vanquished Creatures (collateral kills)
  Sigmund (D:5)
  Edmund (D:5)
  2 ogres
  A scorpion (D:7)
  An orc priest (D:4)
  2 orc wizards
  Robin (D:4)
  A gnoll (D:2)
  2 adders
  3 leopard geckos
  12 orcs
  A giant cockroach (D:3)
  6 goblins
  4 hobgoblins
  2 jackals
  4 kobolds
  3 bats
  7 rats
54 creatures vanquished.

Grand Total: 188 creatures vanquished

Notes
Turn   | Place    | Note
-------+----------+-------------------------------------------
     0 | D:1      | Bazzalis the Ghoul Summoner began the quest for the Orb.
     0 | D:1      | Reached XP level 1. HP: 14/14 MP: 2/2
   211 | D:1      | Reached XP level 2. HP: 18/20 MP: 0/3
   507 | D:1      | Learned a level 2 spell: Call Imp
   555 | D:1      | Reached skill level 4 in Summonings
   798 | D:1      | Reached XP level 3. HP: 16/26 MP: 2/5
  1631 | D:2      | Found an iron altar of Okawaru.
  1643 | D:2      | Reached skill level 1 in Short Blades
  1672 | D:2      | Became a worshipper of Warmaster Okawaru
  2223 | D:3      | Reached XP level 4. HP: 34/34 MP: 6/6
  2333 | D:2      | Reached skill level 1 in Fighting
  2609 | D:3      | Reached XP level 5. HP: 34/40 MP: 4/7
  3668 | D:4      | Found a snail-covered altar of Cheibriados.
  3679 | D:4      | Found an ornate altar of the Wu Jian Council.
  3766 | D:4      | Noticed Robin
  3775 | D:4      | Killed Robin
  4015 | D:4      | Reached skill level 1 in Polearms
  4015 | D:4      | Reached XP level 6. HP: 43/48 MP: 8/8
  4051 | D:4      | Found a glowing golden altar of the Shining One.
  4064 | D:4      | Reached * piety under Okawaru
  4134 | D:4      | Noticed Ijyb
  4139 | D:4      | Killed Ijyb
  4139 | D:4      | Reached skill level 5 in Summonings
  4728 | D:4      | Found a runed translucent door.
  4729 | D:4      | Noticed Crazy Yiuf
  4743 | D:4      | Killed Crazy Yiuf
  5013 | D:5      | Entered Level 5 of the Dungeon
  5021 | D:5      | Got a jewelled chain mail
  5035 | D:5      | Noticed Edmund
  5174 | D:5      | Found Fikienta's Lightly-Used Armoury.
  5197 | D:5      | Noticed Sigmund
  5489 | D:5      | Found Lipruyliod's Antique Weapon Emporium.
  5516 | D:5      | Reached XP level 7. HP: 26/55 MP: 3/10
  5889 | D:5      | Killed Edmund
  6196 | D:5      | Bought a glowing trident for 130 gold pieces
  6210 | D:5      | Found the +7 sceptre of Torment {pain, torment}
  6277 | D:5      | Killed Sigmund
  6277 | D:5      | Reached ** piety under Okawaru
  6401 | D:5      | Found an ancient bone altar of Kikubaaqudgha.
  6417 | D:5      | Reached skill level 1 in Invocations
  6537 | D:5      | Found a shattered altar of Ashenzari.
  7115 | D:6      | Found a staircase to the Ecumenical Temple.
  7244 | D:6      | Reached skill level 1 in Armour
  7244 | D:6      | Reached XP level 8. HP: 19/59 MP: 8/11
  8268 | D:6      | Reached skill level 6 in Summonings
  8592 | D:6      | Found a sacrificial altar of Ru.
  8920 | D:7      | Reached *** piety under Okawaru
  9666 | D:7      | Found a burning altar of Makhleb.
  9892 | D:7      | Identified the +1 chain mail "Ufurexan" {*Contam Str+6
                  | Int-4 Slay+2} (You found it on level 5 of the Dungeon)
 10088 | D:8      | Noticed a wyvern
 10458 | D:8      | Noticed a hippogriff
 10460 | D:8      | Noticed a troll
 10647 | D:8      | Killed a wyvern
 10831 | D:8      | Found a shimmering blue altar of Sif Muna.
 10911 | D:8      | Killed a hippogriff
 10911 | D:8      | Reached skill level 5 in Stealth
 10911 | D:8      | Reached XP level 9. HP: 17/70 MP: 1/13
 10912 | D:8      | Slain by a troll

Levels and vault maps discovered:
D:1:      enne_arrival_octagon_isle, layout_rooms
D:2:      layout_loops_cross, lemuel_doored_altar
D:3:      layout_loops_cross, kennysheep_donut
D:4:      layout_loops_ring, amethyst_overflow_temple_binary,
          nicolae_tso_besieged_by_evil, gup_sewer_entry_spiral, uniq_ijyb,
          uniq_crazy_yiuf_cottage, uniq_robin
D:5:      layout_cave_pools, kennysheep_vampire_church,
          cheibrodos_ashenzari_chains, first_ration, serial_shops,
          shop_fountains, chequers_serial_rivers_marsh, minmay_shop_damaged,
          corexii_checkpoint_a, minmay_misc_feat_five, uniq_sigmund, uniq_edmund
D:6:      layout_basic, kennysheep_mini, minmay_temple_entry_mist
D:7:      layout_basic, serial_park_tiny_pond, grunt_ogre_cave,
          makhleb_heckhound_becter
D:8:      layout_gridville, erik_lair_orcish_takeover,
          ebering_ghost_disaster_area, nicolae_ossuary_entry_plus, basic_altar,
          lemuel_blue_sif_altar

Skill      XL: |  1  2  3  4  5  6  7  8 |
---------------+-------------------------+-----
Spellcasting   | 2 3 |  3.8
Summonings     | 4 5 6 |  6.6
Short Blades   | 1 2 3 |  3.4
Fighting       | 1 2 3 |  3.9
Stealth        | 3 4 5 |  5.1
Polearms       | 1 2 3 |  3.1
Invocations    | 1 2 |  2.8
Armour         | 1 2 |  2.2
Dodging        | |  1.7

Action                   |  1- 3 |  4- 6 |  7- 9 || total
-------------------------+-------+-------+-------++-------
Melee: Short sword       |   108 |   211 |   292 ||   611
       Unarmed           |     2 |       |       ||     2
       Spear             |       |     8 |    14 ||    22
       Trident           |       |       |    26 ||    26
       Dagger            |       |       |    22 ||    22
Throw: Dart              |       |       |     5 ||     5
 Cast: Summon Small Mamm |     9 |       |       ||     9
       Call Imp          |    21 |    27 |    30 ||    78
Invok: Heroism           |       |       |     3 ||     3
Evoke: Wand              |       |       |     3 ||     3
  Use: Scroll            |       |     4 |     9 ||    13
 Stab: Sleeping          |     7 |     8 |       ||    15
       Distracted        |       |       |     1 ||     1
  Eat: Chunk             |    16 |    25 |    19 ||    60
       Ration            |       |     2 |     2 ||     4
Armor: Robe              |    48 |    67 |     2 ||   117
       Scale mail        |       |       |   229 ||   229
Dodge: Dodged            |   108 |   148 |   190 ||   446
